 Dungeon Crawl Stone Soup version 0.22-a0-542-gce4f928 (webtiles) character file.

2228 Tungsten the Geomancer (level 9, -10/45 HPs)
             Began as a Gargoyle Earth Elementalist on June 24, 2018.
             Killed by divine providence
             ... invoked by an orc priest
              (13 damage)
             ... on level 6 of the Dungeon.
             The game lasted 00:12:32 (5082 turns).

Tungsten the Geomancer (GrEE)                       Turns: 5082, Time: 00:12:33

Health: -10/45     AC: 14    Str: 13    XL:     9   Next: 36%
Magic:  5/18       EV: 11    Int: 18    God:
Gold:   178        SH:  0    Dex: 10    Spells: 5/20 levels left

rFire    . . .     SeeInvis .   a - +0 long sword (curse)
rCold    + . .     Gourm    .   (no shield)
rNeg     + . .     Faith    .   j - +1 leather armour
rPois    ∞         Spirit   .   o - +2 helmet
rElec    +         Reflect  .   (no cloak)
rCorr    .         Harm     .   w - +0 pair of gloves
MR       .....                  (no boots)
Stlth    ++........             u - amulet of rage
HPRegen  0.15/turn              h - ring of protection from cold
MPRegen  0.16/turn              (no ring)

@: hasted, very quick
A: negative energy resistance 1, electricity resistance, unbreathing,
petrification resistance, rot immunity, AC +6
a: Evoke Berserk Rage


You were on level 6 of the Dungeon.
You were not hungry.

You visited 1 branch of the dungeon, and saw 6 of its levels.

You collected 178 gold pieces.


Innate Abilities, Weirdness & Mutations

You are resistant to torment.
Your stone body is resilient. (AC +6)
You are immune to poison.
You resist negative energy. (rN+)
You are resistant to electric shocks. (rElec)
You can survive without breathing.
You are immune to petrification.
You are immune to rotting.


   Skills:
 + Level 0.0 Fighting
 + Level 1.8 Dodging
 - Level 2.6 Stealth
 - Level 6.0 Spellcasting
 - Level 3.0 Conjurations
 - Level 0.7 Transmutations
 - Level 12.0 Earth Magic


You had 5 spell levels left.
You knew the following spells:

 Your Spells              Type           Power        Failure   Level  Hunger
a - Sandblast             Erth           #####.       1%          1    None
b - Passwall              Tmut/Erth      ####....     1%          2    None
c - Stone Arrow           Conj/Erth      ####..       1%          3    ##.....
d - Lee's Rapid Deconstr  Erth           #####.....   3%          5    #####..
e - Petrify               Tmut/Erth      ####....     11%         4    ####...

Your spell library contained the following spells:

 Spells                   Type           Power        Failure   Level  Hunger


Inventory:

Hand Weapons
 a - a cursed +0 long sword (weapon)
 b - a +4 dire flail of draining
 n - a +0 hunting sling
 s - a +0 mace
Missiles
 q - 16 sling bullets
 v - 4 tomahawks (quivered)
Armour
 j - a +1 leather armour (worn)
 o - a +2 helmet (worn)
 w - a +0 pair of gloves (worn)
Jewellery
 h - a ring of protection from cold (left hand)
 r - an uncursed amulet of magic regeneration
 u - an amulet of rage (around neck)
Wands
 B - a wand of flame (27)
Scrolls
 f - a scroll of magic mapping
 l - a scroll of blinking
 t - a scroll of enchant armour
 y - a scroll of amnesia
 z - a scroll of fog
Potions
 c - 4 potions of heal wounds {unknown}
 e - a potion of mutation {unknown}
 g - 3 potions of magic {unknown}
 i - a potion of berserk rage {unknown}
 k - 4 potions of flight
 m - 3 potions of brilliance {unknown}
 p - 2 potions of haste
 x - a potion of agility {unknown}
 C - a potion of curing {unknown}
Comestibles
 d - 6 rations


Message History

Duvessa says, "I will journey to Hell to retrieve him!"
You completely miss the orc priest.
The orc priest is moderately wounded.
The orc priest barely misses you.
You riposte.
You hit the orc priest but do no damage.
The orc priest is moderately wounded.
You hit the orc priest.
The orc priest is heavily wounded.
The orc priest hits you with a flail.
The orc priest calls down the wrath of Beogh upon you.
Beogh smites you!
* * * LOW HITPOINT WARNING * * *
You barely miss the orc priest.
The orc priest is heavily wounded.
The orc priest mumbles some strange prayers to Beogh against you.
Beogh smites you!
* * * LOW HITPOINT WARNING * * *
The orc priest mumbles some strange prayers to Beogh against you.
Beogh smites you!
You die...

,,,,...,,,,,,* ,,,,,o.#####.#
*,,,,..,..##.# *****#.*#.##.# ###
* #.##.##.# ####*########.#### *
#.#...#.# #..,,............. *
#.......# #.#**########..### *
##......†#####.######## #..# *
#......).ooeo@........####..#
***##......)..####..............#
,.............# #..#####.####..#
*####........## #.)# #.####..#
*####.(.....## #..# #.......###
,,....>.....# #..# ####.......
**###..##...######..## ##[....###
* *#................[# ##[#.#..#
**#.....#..###.###..)####.##.#..##


You could see Duvessa, 2 orc priests and an orc.

Vanquished Creatures
  Grinder (D:4)
  Prince Ribbit (D:5)
  Sigmund (D:4)
  Edmund (D:5)
  6 ogres
  A centaur (D:5)
  A bullfrog (D:6)
  3 scorpions
  Dowan (D:6)
  3 wights (D:6)
  3 crimson imps (D:6)
  A hound (D:4)
  A jelly (D:6)
  4 orc wizards
  2 worker ants
  A hound zombie (D:5)
  3 gnolls (D:5)
  8 adders
  2 adder skeletons
  5 worms
  6 dart slugs
  6 leopard geckos
  19 orcs
  8 bats
  5 giant cockroaches
  8 goblins
  9 hobgoblins
  13 jackals
  9 kobolds
  4 quokkas
  10 frilled lizards
  A jackal skeleton (D:6)
  A jackal zombie (D:4)
  A quokka skeleton (D:4)
  9 rats
158 creatures vanquished.

Vanquished Creatures (others)
  A leopard gecko skeleton (D:6)
1 creature vanquished.

Grand Total: 159 creatures vanquished

Notes
Turn   | Place    | Note
-------+----------+-------------------------------------------
     0 | D:1      | Tungsten the Gargoyle Earth Elementalist began the quest for the Orb.
     0 | D:1      | Reached XP level 1. HP: 10/10 MP: 3/3
   189 | D:1      | Reached XP level 2. HP: 15/15 MP: 3/5
   374 | D:1      | Reached skill level 4 in Earth Magic
   421 | D:1      | Reached XP level 3. HP: 19/19 MP: 2/6
  1300 | D:2      | Reached XP level 4. HP: 24/24 MP: 4/7
  1433 | D:2      | Learned a level 2 spell: Passwall
  1437 | D:2      | Learned a level 3 spell: Stone Arrow
  1459 | D:2      | Reached skill level 5 in Earth Magic
  2299 | D:3      | Found an iron altar of Okawaru.
  2306 | D:3      | Found a bloodstained altar of Trog.
  2366 | D:3      | Reached skill level 3 in Spellcasting
  2366 | D:3      | Reached XP level 5. HP: 28/28 MP: 5/9
  2554 | D:3      | Reached skill level 1 in Conjurations
  2660 | D:4      | Noticed an ogre
  2669 | D:4      | Killed an ogre
  2669 | D:4      | Reached skill level 6 in Earth Magic
  2712 | D:4      | Reached XP level 6. HP: 32/32 MP: 7/10
  3038 | D:4      | Noticed Sigmund
  3052 | D:4      | Killed Sigmund
  3052 | D:4      | Reached skill level 7 in Earth Magic
  3052 | D:4      | Reached XP level 7. HP: 36/36 MP: 1/12
  3135 | D:4      | Reached skill level 3 in Conjurations
  3153 | D:4      | Noticed Grinder
  3173 | D:4      | Killed Grinder
  3173 | D:4      | Reached skill level 8 in Earth Magic
  3279 | D:4      | Reached XP level 8. HP: 41/41 MP: 12/14
  3289 | D:4      | Reached skill level 9 in Earth Magic
  3608 | D:5      | Entered Level 5 of the Dungeon
  3608 | D:5      | Found a hazy altar of Hepliaklqana.
  3766 | D:5      | Noticed Prince Ribbit
  4094 | D:5      | Noticed Edmund
  4100 | D:5      | Killed Edmund
  4100 | D:5      | Reached skill level 10 in Earth Magic
  4194 | D:5      | Killed Prince Ribbit
  4226 | D:5      | Learned a level 5 spell: Lee's Rapid Deconstruction
  4231 | D:5      | Learned a level 4 spell: Petrify
  4378 | D:6      | Reached XP level 9. HP: 45/45 MP: 8/17
  4523 | D:5      | Reached skill level 6 in Spellcasting
  4523 | D:5      | Reached skill level 11 in Earth Magic
  4764 | D:6      | Noticed Dowan
  4775 | D:6      | Killed Dowan
  4776 | D:6      | Noticed Duvessa
  5034 | D:6      | Reached skill level 12 in Earth Magic
  5082 | D:6      | HP: 3/45 [orc priest/divine providence (15)]
  5082 | D:6      | Killed from afar by an orc priest

Vault maps used:
D:1:      matt_arrival_los_fun, minmay_pentomino_p4
D:3:      gammafunk_temple_overflow_pools
D:4:      uniq_grinder, uniq_sigmund
D:5:      old_standard_altar, first_ration, uniq_prince_ribbit1, uniq_edmund
D:6:      uniq_duvessa

Action                   |  1- 3 |  4- 6 |  7- 9 || total
-------------------------+-------+-------+-------++-------
Melee: Mace              |    11 |       |       ||    11
       Long sword        |       |     9 |    38 ||    47
 Cast: Sandblast         |    47 |   106 |    69 ||   222
       Stone Arrow       |       |     2 |    49 ||    51
       Lee's Rapid Decon |       |       |     3 ||     3
  Use: Scroll            |       |     3 |     7 ||    10
       Potion            |       |       |     1 ||     1
  Eat: Chunk             |     2 |     5 |     8 ||    15
       Ration            |       |       |     1 ||     1
Armor: Leather armour    |     6 |    24 |    45 ||    75
Dodge: Dodged            |    19 |    34 |    48 ||   101
       Rpst.: Long sword |       |     7 |    11 ||    18
